 Dungeon Crawl Stone Soup version 0.29-a0-284-gf9362112df (webtiles) character file.

Game seed: 3948406323388418440

44 siradein the Bolt Thrower (level 3, 0/21 HPs)
             Began as a Kobold Arcane Marksman on Mar 16, 2022.
             Succumbed to an adder's poison
             ... on level 2 of the Dungeon.
             The game lasted 00:03:04 (1113 turns).

siradein the Bolt Thrower (Kobold Arcane Marksman)  Turns: 1113, Time: 00:03:05

Health: 0/21       AC:  2    Str:  7    XL:     3   Next: 87%
Magic:  1/1        EV: 15    Int: 16    God:
Gold:   35         SH:  0    Dex: 15    Spells: 0/4 levels left

rFire   . . .      SeeInvis .   j - +2 dagger (antimagic)
rCold   . . .      Faith    .   (no shield)
rNeg    . . .      Spirit   .   b - +0 robe
rPois   .          Reflect  .   (no helmet)
rElec   .          Harm     .   (no cloak)
rCorr   .          Rampage  .   (no gloves)
Will    +....                   (no boots)
Stlth   ++........              (no amulet)
HPRegen 0.07/turn               f - ring of willpower
MPRegen 0.07/turn               (no ring)

@: lethally poisoned (0 -> -3)
A: small, no large weapons, nightstalker 3
a: no special abilities


You were on level 2 of the Dungeon.
You visited 1 branch of the dungeon, and saw 2 of its levels.

You collected 35 gold pieces.

Inventory:

Hand Weapons
 a - a +0 hand crossbow
 j - a +2 antimagic dagger (weapon)
Armour
 b - a +0 robe (worn)
Jewellery
 f - a ring of willpower (left hand)
Scrolls
 c - 3 scrolls of vulnerability
 d - 2 scrolls of blinking {unknown}
 e - a scroll of amnesia {unknown}
 i - a scroll of fear {unknown}
Potions
 g - a potion of flight {unknown}
 h - a potion of mutation {unknown}


   Skills:
 + Level 2.3 Fighting
 + Level 3.7 Crossbows
 + Level 3.3 Dodging
 - Level 1.1 Spellcasting
 - Level 3.0 Hexes


You couldn't memorise any spells.
You knew the following spells:

 Your Spells              Type           Power      Damage    Failure   Level
a - Slow                  Hex            40%        N/A       7%          1
b - Portal Projectile     Hex/Tloc       10%        N/A       36%         3

Your spell library contained the following spells:

 Spells                   Type           Power      Damage    Failure   Level
 Inner Flame              Hex/Fire       5%         N/A       36%         3
 Cause Fear               Hex            5%         N/A       54%         4


Dungeon Overview and Level Annotations

Branches:
Dungeon (2/15)

Altars:


Innate Abilities, Weirdness & Mutations

You are small and have problems with some larger weapons.
You are completely attuned to the shadows.


Message History

You shoot a bolt. The bolt misses the adder.
The adder closely misses you. The adder barely misses you.
You shoot a bolt. The bolt closely misses the adder.
The adder closely misses you.
You shoot a bolt.
The bolt hits the adder but does no damage.
The adder is heavily wounded.
The adder barely misses you. The adder misses you.
You shoot a bolt. The bolt completely misses the adder.
The adder closely misses you. The adder bites you.
You are poisoned.
The adder poisons you!
You shoot a bolt. The bolt closely misses the adder.
You feel sick. The adder misses you.
You shoot a bolt. The bolt misses the adder.
You feel sick. The adder closely misses you. The adder bites you.
You are more poisoned.
The adder poisons you!
You are too injured to fight recklessly!
You are too injured to fight recklessly!
You are too injured to fight recklessly!
You feel magic leave you.
j - a +2 antimagic dagger (weapon)
You feel sick. The adder closely misses you.
You hit the adder.
The adder is severely wounded.
* * * LOW HITPOINT WARNING * * *
You feel sick. The adder completely misses you.
You closely miss the adder.
The adder is severely wounded.
* * * LOW HITPOINT WARNING * * *
You feel sick. The adder bites you but does no damage.
You hit the adder.
The adder is almost dead.
* * * LOW HITPOINT WARNING * * *
You feel sick. The adder closely misses you. The adder bites you.
* * * LOW HITPOINT WARNING * * *
You barely miss the adder.
The adder is almost dead.
You die...

..## ###### ....
.....####### ...?
##...#........
....####......#####..
...S@....###..### #.#
......##..##....###.#
.....####....#......#
.....# ####.........
...... ###.......
........ ##.### . ..


You could see an adder.

Vanquished Creatures
  2 dart slugs
  A bat (D:1)
  An endoplasm (D:1)
  6 goblins
  5 hobgoblins (D:1)
  4 jackals (D:1)
  A quokka (D:1)
  5 ball pythons (D:1)
  2 frilled lizards (D:1)
  2 kobolds (D:1)
  10 rats (D:1)
39 creatures vanquished.

Notes
Turn   | Place    | Note
-------+----------+-------------------------------------------
     0 | D:1      | siradein the Kobold Arcane Marksman began the quest for the
                  | Orb.
     0 | D:1      | Reached XP level 1. HP: 12/12 MP: 2/2
   156 | D:1      | Reached XP level 2. HP: 16/16 MP: 3/3
   500 | D:1      | Reached XP level 3. HP: 21/21 MP: 4/4
   509 | D:1      | Learned a level 3 spell: Portal Projectile
  1112 | D:2      | HP: 1/21 [adder (3)]
  1113 | D:2      | Succumbed to an adder's poison

Illustrated notes

Levels and vault maps discovered:
D:1:      minmay_arrival_cross, layout_loops_cross, grunt_decor_cap,
          minmay_rat_gold_closets
D:2:      layout_rooms, ebering_ecumenical_altar_hall

Skill      XL: |  1  2  3 |
---------------+----------+-----
Crossbows      | 3 |  3.7
Dodging        | 3 |  3.3
Fighting       | 2 |  2.3
Spellcasting   | |  1.1
Hexes          | |  3.0

Action                   || total
-------------------------++-------
Melee: Dagger            ||     4
 Fire: Hand crossbow     ||    93
Armor: Robe              ||     6
Dodge: Dodged            ||    45

Table legend: (Time is in decaauts)
 A = Elapsed time spent in this place.
 B = Non-inter-level travel time spent in this place.
 C = Inter-level travel time spent in this place.
 D = Time resting spent in this place.
 E = Time spent auto-exploring this place.
 F = Levels seen in this place.
 G = Mean time per level.
                   A        B        C        D        E       F      G
               +--------+--------+--------+--------+--------+-----+--------+
         Total |   1142 |   1123 |     19 |    154 |    767 |   2 |  571.0 |
       Dungeon |   1142 |   1123 |     19 |    154 |    767 |   2 |  571.0 |
               +--------+--------+--------+--------+--------+-----+--------+

Top non-repeatable levels by time:
     D:1: 1089 daAuts
     D:2: 52 daAuts
